 Dungeon Crawl Stone Soup version 0.29.0-11-gd7f09526c8 (webtiles) character file.

Game seed: 16984848878095325293

240 xian the Trooper (level 5, -3/41 HPs)
             Began as a Demonspawn Monk on Sept 6, 2022.
             Slain by Edmund
             ... wielding a +1 dire flail of venom
              (13 damage)
             ... on level 4 of the Dungeon.
             The game lasted 00:07:20 (3077 turns).

xian the Trooper (Demonspawn Monk)                  Turns: 3077, Time: 00:07:20

Health: -3/41      AC: 10    Str: 13    XL:     5   Next: 79%
Magic:  5/5        EV:  9    Int: 12    God:
Gold:   184        SH:  5    Dex: 15    Spells: 4/4 levels left

rFire   . . .      SeeInvis .   e - +4 dagger (venom)
rCold   + . .      Faith    .   k - +2 buckler
rNeg    . . .      Spirit   .   f - +3 scale mail {rC+}
rPois   .          Reflect  .   (helmet restricted)
rElec   .          Harm     .   (no cloak)
rCorr   .          Rampage  .   g - +0 pair of gloves
Will    .....                   (no boots)
Stlth   +.........              (no amulet)
HPRegen 0.13/turn               (no ring)
MPRegen 0.09/turn               (no ring)

@: lethally poisoned (-3 -> -13)
A: antennae 1, powered by pain 1, demonic touch 1
a: no special abilities


You were on level 4 of the Dungeon.
You visited 1 branch of the dungeon, and saw 4 of its levels.

You collected 184 gold pieces.

Inventory:

Hand Weapons
 b - a +1 shortbow of freezing
 e - a +4 dagger of venom (weapon)
 q - the +4 sling "Xosogoh" {freeze, Fly}
   (You found it on level 3 of the Dungeon)

   Any ammunition fired from it freezes those it strikes, dealing additional
   cold damage.
   It can also slow down cold-blooded creatures.
   Fly:       It grants you flight.
Missiles
 m - 2 javelins
Armour
 f - a +3 scale mail of cold resistance (worn)
 g - a +0 pair of gloves (worn)
 k - a +2 buckler (worn)
Scrolls
 d - a scroll of teleportation {unknown}
 h - a scroll of immolation
 l - a scroll of torment
 n - a scroll of poison {unknown}
Potions
 a - 2 potions of might {unknown}
 i - 2 potions of heal wounds {unknown}
 o - a potion of invisibility {unknown}
 p - a potion of mutation {unknown}


   Skills:
 + Level 3.5 Fighting
 + Level 0.6 Short Blades
 - Level 3.1 Axes
 * Level 3.4 Ranged Weapons
 + Level 1.5 Armour
 + Level 3.2 Dodging
 + Level 2.1 Stealth


You had 4 spell levels left.
You didn't know any spells.
Your spell library was empty.

Dungeon Overview and Level Annotations

Branches:
Dungeon (4/15)
 Temple: D:4-7

Altars:
Ashenzari
Dithmenos
Hepliaklqana
Nemelex Xobeh
Vehumet

Annotations:
D:4 Edmund


Innate Abilities, Weirdness & Mutations

You have a pair of small antennae on your head.
You sometimes gain a little power by taking damage.
Your touch may inflict minor irresistible damage on your foes.


Message History

You are lethally poisoned!
You feel less invigorated.
You feel less confused.
* * * LOW HITPOINT WARNING * * *
You feel very sick. Edmund hits you but does no damage.
* * * LOW HITPOINT WARNING * * *
You feel very sick.
It was a potion of curing.
You feel better.
Edmund looks more healthy.
Edmund hits you with a +1 dire flail of venom!
* * * LOW HITPOINT WARNING * * *
You are lethally poisoned!
Okay, then.
As you read the scroll labelled REFEACKENN, it crumbles to dust.
Your body is wracked with pain!
* * * LOW HITPOINT WARNING * * *
Edmund convulses!
It was a scroll of torment.
* * * LOW HITPOINT WARNING * * *
You feel very sick. You block Edmund's attack.
You feel better.
Edmund hits you with a +1 dire flail of venom.
* * * LOW HITPOINT WARNING * * *
You are lethally poisoned!
Unknown command.
You feel better. Edmund closely misses you.
Okay, then.
Okay, then.
Okay, then.
You hit Edmund.
Edmund is poisoned.
Edmund is severely wounded.
Edmund hits you with a +1 dire flail of venom.
* * * LOW HITPOINT WARNING * * *
You are lethally poisoned!
You hit Edmund but do no damage.
Edmund is severely wounded.
* * * LOW HITPOINT WARNING * * *
You feel very sick.
Edmund hits you with a +1 dire flail of venom!
You die...

#....#......###
##.....)...[...
#.#.#......###
#.....#...#### ###
#............ ...#
#.....####.#####.....
####....†).†.........
#_#..######.@##.....
#'#..# ##@# #..
#...## #...# #####
###...# ...... #....
...# ..# .#


You could see Edmund (very poisoned).

Vanquished Creatures
  A scorpion (D:4)
  A howler monkey (D:4)
  Terence (D:3)
  An orc wizard (D:3)
  An adder (D:4)
  4 dart slugs
  9 orcs (D:3)
  5 endoplasms
  A giant cockroach (D:3)
  6 goblins
  8 hobgoblins
  7 jackals (D:3)
  5 kobolds
  2 quokkas
  4 ball pythons
  A bat (D:1)
  5 frilled lizards
  A hobgoblin zombie (D:4)
  3 rats
66 creatures vanquished.

Vanquished Creatures (others)
  2 fungi (D:4)
  20 plants
22 creatures vanquished.

Grand Total: 88 creatures vanquished

Notes
Turn   | Place    | Note
-------+----------+-------------------------------------------
     0 | D:1      | xian the Demonspawn Monk began the quest for the Orb.
     0 | D:1      | Reached XP level 1. HP: 18/18 MP: 1/1
   617 | D:1      | Discovered your monstrous ancestry.
   617 | D:1      | Gained mutation: Your touch may inflict minor irresistible
                  | damage on your foes. [demonic ancestry]
   617 | D:1      | Reached XP level 2. HP: 20/24 MP: 2/2
  1162 | D:1      | Reached XP level 3. HP: 29/29 MP: 3/3
  1171 | D:1      | Identified a scroll of acquirement
  1171 | D:1      | Acquired a +0 shortbow of flaming
  1889 | D:3      | Reached skill level 1 in Ranged Weapons
  1889 | D:3      | Gained mutation: You sometimes gain a little power by
                  | taking damage. [demonic ancestry]
  1889 | D:3      | Reached XP level 4. HP: 21/35 MP: 4/4
  2087 | D:3      | Found a broken altar of Ashenzari.
  2303 | D:3      | Found a faded altar of an unknown god.
  2442 | D:3      | Noticed Terence
  2447 | D:3      | Killed Terence
  2526 | D:3      | Found a hazy altar of Hepliaklqana.
  2549 | D:3      | Reached skill level 1 in Armour
  2651 | D:3      | Found a shadowy altar of Dithmenos.
  2837 | D:3      | Found a sparkling altar of Nemelex Xobeh.
  2847 | D:3      | Identified the +4 sling "Xosogoh" {freeze, Fly}
  2928 | D:4      | Found a radiant altar of Vehumet.
  2941 | D:4      | Gained mutation: You have a pair of small antennae on your
                  | head. [demonic ancestry]
  2941 | D:4      | Reached XP level 5. HP: 34/41 MP: 5/5
  3053 | D:4      | Noticed Edmund
  3077 | D:4      | Slain by Edmund

Illustrated notes

Levels and vault maps discovered:
D:1:      nicolae_arrival_memento_mori, layout_loops_ring,
          dreamdust_mushroom_princess, serial_bayou_lagoon_a, minivault_19,
          serial_bayou_pond_a
D:2:      layout_loops_ring
D:3:      layout_basic, lemuel_tele_altar, mainiacjoe_overflow_boulevard,
          gammafunk_temple_overflow_statue, mainiacjoe_overflow_chevrons,
          nicolae_ecumenical_pavilion, st_stairs_5, fountainhead, uniq_terence
D:4:      layout_basic, grunt_temple_overflow_forces_of_nature, kennysheep_mini,
          minmay_crystal_room, minmay_mini_ossuary, uniq_edmund

Skill      XL: |  1  2  3  4  5 |
---------------+----------------+-----
Axes           | 3 |  3.1
Dodging        | 3 |  3.2
Stealth        | 2 |  2.1
Ranged Weapons | 1 2 3 |  3.4
Armour         | 1 |  1.5
Fighting       | |  3.5
Short Blades   | |  0.6

Action                   |  1- 3 |  4- 6 || total
-------------------------+-------+-------++-------
Melee: Dagger            |    37 |    15 ||    52
       Hand axe          |     6 |       ||     6
       Touch             |     2 |     1 ||     3
 Fire: Shortbow          |    23 |    58 ||    81
       Sling             |       |    18 ||    18
  Use: Scroll            |     7 |     4 ||    11
       Potion            |       |     4 ||     4
 Stab: Sleeping          |     2 |       ||     2
Armor: Leather armour    |    15 |       ||    15
       Scale mail        |       |    33 ||    33
Dodge: Dodged            |    32 |    43 ||    75
Block: Buckler           |       |     2 ||     2
